woodfighter, chaotic female human Rogue 5 4--------- |.......| |.......| ----- |..@@...| 4 |... 5|.@.....| ------ --*.--------- | |.......| | ......-- --...|.......| |45----A---- .| ........---%...|.......| |.5.4..@.5....| ..........-...../..._...| ---..5.@.4..--- .........---....|.......| -----A----- -...%...-- --...|.......| -..4%5..-- ----+---- --..--------- ------- ..5......--------...| |... ......| ..........|.........| ----- --...--.........--...------- |%...--.......--....| ---...----|----...--- |...............| ----------------- woodfighter the Thief Experience level: 30 Strength: 25 Dexterity: 19 Constitution: 18 Intelligence: 22 Wisdom: 21 Charisma: 14 Health: 192(192) Energy: 187(187) Def: 52 Gold: 0 Moves: 38075 Dungeon seed: D5dCv1tRSsJJ2XvV Game ID: woodfighter_1556826200 Your Inventory: Amulets m - a blessed amulet of reflection V - a blessed amulet of flying (being worn) Weapons a - the blessed rustproof +6 Valerian (weapon in hand) c - a rustproof +11 orcish dagger named Dagger of Truth (wielded in other hand) B - 10 blessed fireproof +6 elven daggers (in quiver) Armor e - a blessed greased +4 gray dragon scale mail (being worn) r - an uncursed +5 Hawaiian shirt (being worn) D - a blessed greased rustproof +4 helm of brilliance (being worn) N - a blessed fireproof +5 cloak of protection (being worn) S - an uncursed fireproof +5 pair of speed boots (being worn) Y - a blessed rustproof +5 pair of gauntlets of power (being worn) Comestibles t - 6 blessed K-rations Z - a blessed lizard corpse Potions E - a blessed potion of full healing P - an uncursed potion of full healing Rings H - a blessed ring of free action (on right hand) R - a blessed ring of regeneration (on left hand) Wands d - a wand of teleportation (0:4) g - a blessed wand of death (1:0) Tools b - an uncursed stethoscope i - the blessed Master Key of Thievery q - a +0 unicorn horn s - a blessed bag of holding v - a magic marker (1:29) w - a blessed magic whistle y - a blessed skeleton key A - a blessed magic lamp (lit) W - a blessed towel Gems G - a blessed luckstone Contents of the bag of holding: an uncursed amulet of life saving an uncursed amulet of life saving an uncursed amulet of life saving 10 blessed rustproof +6 daggers 5 blessed +7 daggers named Dagger of Justice 29 blessed K-rations 2 uncursed cram rations 14 blessed eggs a blessed eucalyptus leaf 3 blessed lizard corpses 14 blessed lumps of royal jelly 4 blessed sprigs of wolfsbane 11 blessed scrolls of blank paper 5 cursed scrolls of blank paper a blessed scroll of charging a blessed scroll of consecration 3 blessed scrolls of gold detection 7 blessed scrolls of remove curse 3 blessed scrolls of wishing a blessed potion of confusion 20 blessed potions of full healing 3 uncursed potions of full healing a cursed potion of full healing 7 potions of holy water a blessed ring of conflict a wand of digging (0:8) a wand of digging (0:7) a wand of digging (0:7) a wand of fire (0:8) a wand of fire (0:7) a wand of teleportation (0:8) a wand of teleportation (0:7) a blessed can of grease (0:9) a magic marker (0:4) a magic marker (0:3) an uncursed [+0] pick-axe a blessed +0 unicorn horn a blessed +0 unicorn horn a blessed +0 unicorn horn Spells and supernatural/magical abilities: Name Level Category Fail Memory s - slow monster 1* enchantment 66% 0% W - pray for help -- divine ? -- Your skills at the end: Miscellaneous Skills two weapon combat [Basic] wands [Basic] stealth [Master] Weapon Skills dagger [Expert] short sword [Basic] Spellcasting Skills Final Attributes: You were piously aligned. You were fire resistant. You were cold resistant. You were sleep resistant. You were disintegration-resistant. You were shock resistant. You were poison resistant. You were magic-protected. You saw invisible. You were telepathic. You were warned. You had automatic searching. You were invisible to others. You were very stealthy. You had teleport control. You could fly. You regenerated. You were protected. You were very fast. You had free action. You were wielding two weapons at once. You were extremely lucky. You had extra luck. Good luck did not time out for you. You survived. Vanquished creatures: Baalzebub Dispater Geryon Orcus Juiblex The Wizard of Yendor (4 times) Death Famine (thrice) a high priest 4 mammoths Vlad the Impaler Medusa 22 krakens 2 elder blue dragons 6 elder green dragons 4 iron golems a ki-rin 2 gray dragons 2 red dragons 5 white dragons 2 orange dragons 4 black dragons 4 blue dragons 8 green dragons a storm giant a titan 2 deep ettins 5 glass golems 3 balrogs 10 purple worms 26 minotaurs 3 jabberwocks The Master Assassin 8 baluchitheria an Angel a young silver dragon a young red dragon 5 young white dragons a young orange dragon 7 young black dragons 5 young blue dragons a young green dragon 3 young yellow dragons a demilich 7 stone golems 14 master mind flayers 2 Olog-hai 4 Nazgul 7 pit fiends 4 sandestins 6 hell hounds 4 titanotheres 3 trappers a baby white dragon a baby black dragon 8 baby blue dragons 51 baby green dragons 2 gryphons 23 guardian nagas 2 disenchanters 27 vampire lords 5 shades 5 skeletons a shopkeeper 2 aligned priests 14 captains 4 liches 16 nurses 17 ice devils 11 nalfeshnees 6 lurkers above 3 frost giants 4 golden nagas 2 black puddings 30 vampires 29 ghosts 2 ettins 4 lieutenants a healer a queen bee 4 winged gargoyles 11 giant mimics 2 fire giants 6 ogre kings 3 Elvenkings 4 ice trolls 7 rock trolls 8 umber hulks 3 flesh golems 14 doppelgangers 19 hezrous 17 bone devils 2 salamanders 7 large mimics 5 wumpuses a fire vortex 6 long worms 6 couatls 14 stalkers 5 air elementals 5 fire elementals 5 earth elementals 5 water elementals 9 hill giants 5 giant mummies 8 elf-lords 6 xorns 10 giant zombies 11 sergeants a barbed devil 28 vrocks 27 wargs 3 winter wolves 8 hell hound pups a quantum mechanic 19 small mimics a glass piercer 6 warhorses 7 steam vortices 10 xans 4 ettin mummies 7 ogre lords 16 trolls 2 sasquatches 3 wood golems an erinys 10 mariliths 7 sharks 10 electric eels 5 pyrolisks 2 large dogs 3 freezing spheres 6 flaming spheres 7 shocking spheres 3 large cats 14 tigers 6 gargoyles 2 dwarf kings 2 tengu 7 gelatinous cubes 9 ochre jellies 9 crocodiles 24 chameleons 5 leocrottas 4 energy vortices a mountain centaur 3 giants 4 elf mummies 3 human mummies 10 red nagas 14 Grey-elves 3 pit vipers 3 pythons 10 cobras 45 wraiths 20 ettin zombies 2 leather golems 89 soldiers 8 succubi 20 incubi 10 giant beetles 23 cockatrices 23 wolves 3 winter wolf cubs 12 black lights 6 lynxes 5 panthers 4 gremlins 73 leprechauns 7 quivering blobs a spotted jelly 9 lizards 4 mountain nymphs 4 orc-captains 3 mumakil 14 giant spiders 5 scorpions 7 iron piercers 5 horses an ice vortex 14 vampire bats 2 forest centaurs 2 gnome kings 8 orc mummies a dwarf mummy 2 ogres a brown pudding 3 Green-elves 9 rust monsters 13 owlbears 6 yetis 3 gold golems 7 werewolves 7 piranhas 16 giant eels 3 dogs 4 dingos 2 housecats 3 jaguars 5 dwarf lords 5 blue jellies a water nymph 2 white unicorns 6 gray unicorns 6 dust vortices 5 ravens 3 plains centaurs 6 gnome mummies 5 Woodland-elves a snake 10 apes 15 human zombies a rope golem 6 soldier ants 7 fire ants 17 yellow lights 2 bugbears an imp a wood nymph 12 Mordor orcs 7 Uruk-hai 16 orc shamans 2 rock moles 6 rock piercers a pony 3 fog clouds a shrieker 4 violet fungi 16 gnome lords 10 gnomish wizards a kobold mummy a red naga hatchling a guardian naga hatchling 2 gray oozes 2 barrow wights 13 elf zombies 12 ghouls 2 straw golems 4 paper golems 7 jellyfish 37 giant ants 2 puppies 2 floating eyes 3 kittens 20 dwarves a homunculus 2 kobold lords 4 kobold shamans 9 iguanas 17 hill orcs 4 rothes 4 centipedes 4 jitterbugs 6 giant bats 12 orc zombies 12 dwarf zombies 2 wererats 4 werejackals 59 killer bees 3 coyotes a gas spore 4 hobbits 5 acid blobs a large kobold 3 geckos 6 hobgoblins 4 giant rats 9 cave spiders 5 yellow molds a green mold 3 red molds 59 gnomes 10 garter snakes 7 manes 13 gnome zombies 12 jackals 2 foxes 2 kobolds 10 newts 9 goblins 10 sewer rats 13 grid bugs 18 lichens 14 kobold zombies 2194 creatures vanquished. Genocided species: hobbits dwarves bugbears dwarf lords dwarf kings quantum mechanics mind flayers master mind flayers wood nymphs water nymphs mountain nymphs island nymphs liches demiliches master liches arch-liches gray oozes brown puddings black puddings green slimes rust monsters disenchanters jellyfish piranhas sharks giant eels electric eels krakens 28 species genocided. Voluntary challenges: You did not cause conflict. You were not displaced. You had been an atheist until turn 2329. You used a wielded weapon 3821 times, starting on turn 25. You did not use plumbed fixtures. You read items or engraved 88 times, starting on turn 3376. You genocided 28 types of monsters, starting on turn 12023. You polymorphed 1 item, starting on turn 10719. You never changed form. You completed Sokoban on turn 5848, according to the rules. You used 3 wishes, starting on turn 8572. You did not wish for any artifacts. You split 1 pudding, starting on turn 24802. You never wrote Elbereth's name. You violated your moral code, losing 21 points of alignment, starting on turn 35529. Dungeon overview: The Dungeons of Doom: levels 1 to 29 Level 1 a fountain stairs to The Elemental Planes Level 2 (vault) a general store Level 3 (water) an armor shop Level 4 (stash) stairs to The Gnomish Mines Level 5 many fountains Level 6 some fountains stairs to Sokoban Level 7 Level 8 a potion shop Level 9 Level 10 (water) a general store, a fountain, a sink Level 11 Level 12 portal to The Quest Level 13 a fountain Level 14 Level 15 some fountains Level 16 Level 17 (water) Level 18 a potion shop Level 19 Level 20 (vault) a fountain Level 21 some fountains Level 22 (BoH from bones!) Level 23 (medusa) Level 24 Level 25 Level 26 Level 27 Level 28 Level 29 a magic chest, a fountain Gehennom: levels 30 to 56 Level 30 (bell) a temple to Moloch, a magic chest stairs to The Dungeons of Doom Level 31 Level 32 Level 33 Level 34 (Baalzebub) a magic chest Level 35 Level 36 Level 37 Level 38 (juiblex) a fountain Level 39 Level 40 stairs to Vlad's Tower Level 41 (Orcus + candelabrum) some shops, an altar to Moloch, a magic chest, a fountain Level 42 (Dispater) a magic chest Level 43 Level 44 (wizard tower) a magic chest Level 45 Level 46 portal to Gehennom Level 47 Level 48 Level 49 Level 50 Level 51 portal to Gehennom Level 52 Level 53 Level 54 Level 55 Level 56 The Gnomish Mines: levels 5 to 13 Level 5 stairs to The Dungeons of Doom Level 6 Level 7 Level 8 many shops, a temple to Kos, a magic chest, some fountains Level 9 Level 10 Level 11 Level 12 Level 13 many altars to Moloch, a magic chest, some fountains The Quest: levels 1 to 5 Level 1 a magic chest portal to The Dungeons of Doom Level 2 Level 3 some fountains Level 4 Level 5 Sokoban: levels 2 to 5 Level 2 a magic chest Level 3 Level 4 Level 5 an altar to Kos, a magic chest stairs to The Dungeons of Doom Vlad's Tower: levels 37 to 39 Level 37 Level 38 an altar to Moloch Level 39 stairs to Gehennom The Elemental Planes: Astral Plane <- You were here some high altars Plane 4 portal to The Elemental Planes Plane 3 portal to The Elemental Planes Plane 2 portal to The Elemental Planes Plane 1 portal to The Elemental Planes History has recorded: On T:1 you entered the Dungeons of Doom to retrieve the Amulet of Yendor! On T:31 you reached level 2 of The Dungeons of Doom. On T:470 you advanced to experience level 2. On T:568 you reached level 3 of The Dungeons of Doom. On T:1252 you advanced to experience level 3. On T:1349 you reached level 4 of The Dungeons of Doom. On T:1592 you reached level 1 of The Gnomish Mines. On T:1692 you advanced to experience level 4. On T:2329 you prayed to Kos. On T:2348 you reached level 5 of The Dungeons of Doom. On T:2353 you advanced to experience level 5. On T:3202 you reached level 6 of The Dungeons of Doom. On T:3235 you advanced to experience level 6. On T:3244 you prayed to Kos. On T:3315 you reached level 4 of Sokoban. On T:3374 you opened a magic chest. On T:4223 you reached level 3 of Sokoban. On T:4526 you advanced to experience level 7. On T:4540 you reached level 2 of Sokoban. On T:4992 you reached level 1 of Sokoban. On T:5848 you advanced to experience level 8. On T:5848 you entered the Sokoban zoo. On T:6869 you reached level 2 of The Gnomish Mines. On T:7272 you reached level 3 of The Gnomish Mines. On T:7819 you reached level 4 of The Gnomish Mines. On T:8286 you entered the Minetown temple On T:8399 you reached level 5 of The Gnomish Mines. On T:8520 you advanced to experience level 9. On T:8572 you wished for "+3 blessed fixed greased gray dragon scale mail". On T:8814 you reached level 6 of The Gnomish Mines. On T:9048 you reached level 7 of The Gnomish Mines. On T:9396 you reached level 8 of The Gnomish Mines. On T:9591 you reached level 9 of The Gnomish Mines. On T:9591 you reached the bottom of the Mines. On T:9943 you advanced to experience level 10. On T:11141 you prayed to Kos. On T:11867 you reached level 7 of The Dungeons of Doom. On T:12203 you reached level 8 of The Dungeons of Doom. On T:12395 you reached level 9 of The Dungeons of Doom. On T:12869 you reached level 10 of The Dungeons of Doom. On T:13036 you reached level 11 of The Dungeons of Doom. On T:13195 you reached level 12 of The Dungeons of Doom. On T:13445 you reached level 13 of The Dungeons of Doom. On T:13486 you reached level 1 of The Quest. On T:13658 you reached level 14 of The Dungeons of Doom. On T:14052 you reached level 15 of The Dungeons of Doom. On T:14180 you reached level 16 of The Dungeons of Doom. On T:14315 you advanced to experience level 11. On T:14649 you reached level 17 of The Dungeons of Doom. On T:14649 you entered the Rogue tribute level. On T:15139 you reached level 18 of The Dungeons of Doom. On T:15576 you reached level 19 of The Dungeons of Doom. On T:15952 you reached level 20 of The Dungeons of Doom. On T:16045 you reached level 21 of The Dungeons of Doom. On T:16746 you reached level 22 of The Dungeons of Doom. On T:16822 you prayed to Kos. On T:16896 you reached level 23 of The Dungeons of Doom. On T:18501 you prayed to Kos. On T:18530 you prayed to Kos. On T:18551 you prayed to Kos. On T:18568 you received Orcrist from Kos. On T:18808 you advanced to experience level 12. On T:19260 you reached level 24 of The Dungeons of Doom. On T:19373 you killed Medusa on level 23 of The Dungeons of Doom. On T:19487 you advanced to experience level 13. On T:20179 you advanced to experience level 14. On T:20956 you embarked upon an epic quest. On T:21156 you reached level 2 of The Quest. On T:21371 you reached level 3 of The Quest. On T:21791 you reached level 4 of The Quest. On T:21847 you reached level 5 of The Quest. On T:22761 you killed Master Assassin on level 5 of The Quest. On T:24039 you reached level 25 of The Dungeons of Doom. On T:24041 you reached level 26 of The Dungeons of Doom. On T:24491 you reached level 27 of The Dungeons of Doom. On T:26467 you reached level 28 of The Dungeons of Doom. On T:26904 you reached The Castle. On T:27694 you reached The Valley of the Dead. On T:28117 you advanced to experience level 15. On T:28137 you advanced to experience level 16. On T:28407 you reached level 2 of Gehennom. On T:28453 you wished for "+3 blessed fixed greased cloak of protection". On T:28454 you wished for "+3 blessed fixed gauntlets of power". On T:28740 you reached level 3 of Gehennom. On T:29248 you reached level 4 of Gehennom. On T:29465 you reached level 5 of Gehennom. On T:29798 you reached level 6 of Gehennom. On T:30048 you reached level 7 of Gehennom. On T:30052 you reached level 8 of Gehennom. On T:30468 you killed Baalzebub on level 5 of Gehennom. On T:30913 you reached level 9 of Gehennom. On T:31389 you killed Juiblex on level 9 of Gehennom. On T:31407 you reached level 10 of Gehennom. On T:31607 you reached level 11 of Gehennom. On T:31735 you reached level 3 of Vlad's Tower. On T:31829 you reached level 2 of Vlad's Tower. On T:31938 you reached level 1 of Vlad's Tower. On T:32032 you killed Vlad the Impaler on level 1 of Vlad's Tower. On T:32213 you reached level 12 of Gehennom. On T:32771 you killed Orcus on level 12 of Gehennom. On T:32888 you advanced to experience level 17. On T:32889 you advanced to experience level 18. On T:32889 you advanced to experience level 19. On T:32890 you advanced to experience level 20. On T:32890 you advanced to experience level 21. On T:32891 you advanced to experience level 22. On T:32891 you advanced to experience level 23. On T:32892 you advanced to experience level 24. On T:33175 you reached level 14 of Gehennom. On T:33279 you killed Dispater on level 13 of Gehennom. On T:33417 you reached level 15 of Gehennom. On T:33586 you reached level 16 of Gehennom. On T:33835 you reached level 17 of Gehennom. On T:34096 you reached level 18 of Gehennom. On T:34129 you reached level 19 of Gehennom. On T:34189 you reached level 20 of Gehennom. On T:34334 you reached level 21 of Gehennom. On T:34377 you reached level 22 of Gehennom. On T:35236 you reached level 26 of Gehennom. On T:35238 you reached level 25 of Gehennom. On T:35415 you reached level 24 of Gehennom. On T:35518 you reached level 23 of Gehennom. On T:35999 you advanced to experience level 25. On T:36000 you advanced to experience level 26. On T:36001 you advanced to experience level 27. On T:36002 you advanced to experience level 28. On T:36003 you advanced to experience level 29. On T:36004 you advanced to experience level 30. On T:36054 you killed Wizard of Yendor on level 15 of Gehennom. On T:36226 you performed the invocation. On T:36227 you reached level 27 of Gehennom. On T:36294 you killed Geryon on level 27 of Gehennom. On T:36351 you gained the Amulet of Yendor! On T:36413 you killed Wizard of Yendor on level 26 of Gehennom. On T:37345 you killed Wizard of Yendor on level 24 of The Dungeons of Doom. On T:37747 you lost the Amulet of Yendor. On T:37748 you gained the Amulet of Yendor! On T:37868 you reached the Plane of Earth. On T:37868 you killed Wizard of Yendor on the Plane of Earth. On T:37903 you reached the Plane of Air. On T:37932 you reached the Plane of Fire. On T:37967 you reached the Plane of Water. On T:37995 you reached the Astral Plane. On T:38010 you killed Famine on the Astral Plane. On T:38022 you killed Famine on the Astral Plane. On T:38051 you killed Famine on the Astral Plane. On T:38069 you killed Death on the Astral Plane. On T:38075 you lost the Amulet of Yendor. On T:38075 you offered the Amulet of Yendor to Kos and ascended to the status of Demigoddess! Score breakdown: Gold: 0 ( 0 points) Experience: 30 levels ( 2000 points) Exploration: 56 levels ( 2000 points) Discoveries: 158 items ( 2000 points) Variety of kills: 284 monsters ( 2000 points) Major goal: ascended ( 5000 points) Ascension bonuses Valuables value: 750 ( 75 points) Artifacts: 2 ( 2000 points) Speed bonus: 38075 turns ( 3096 points) Conduct bonus: 4 conducts ( 6400 points) Survival: ascended (score multiplied by 10) Total score: 245710 Latest messages: The Angel of Issek zaps a wand of magic missile! The magic missile hits the priest of Mog! The magic missile misses the Angel of Kos. The magic missile hits you! The missiles bounce off! The magic missile misses Eve the Lady. The priest of Issek is caught in the magical blast! The priest of Issek resists the magical blast! Eve the Lady is caught in the magical blast! The high priestess of Kos zaps herself with a wand of speed monster! The high priestess of Kos is suddenly moving faster. The high priest intones: "Pilgrim, you enter a sacred place!" The priest of Mog drinks a potion of invisibility! The priest of Mog's body takes on a strange transparency. You stab the vampire! (3x) You destroy the vampire! The priest of Moloch drinks a potion of gain level! The priest of Moloch seems more experienced. There is an altar to Kos (chaotic) here. You see here a human corpse. You offer the Amulet of Yendor to Kos... An invisible choir sings, and you are bathed in radiance... The voice of Kos booms out: "Congratulations, mortal!" "In return for thy service, I grant thee the gift of Immortality!" You ascend to the status of Demigoddess... Final status: Goodbye woodfighter the Demigoddess, ascended... You went to your reward with 245710 points, Valerian (worth 700 zorkmids) The Master Key of Thievery (worth 3500 zorkmids) 3 amulets of life saving (worth 450 zorkmids), 1 amulet of reflection (worth 150 zorkmids), 1 amulet of flying (worth 150 zorkmids), and 0 pieces of gold, after 38075 moves. You were level 30 with a maximum of 192 hit points when you ascended.